Map: Orbital Shipyard

Players

Eternal - Winner!

  • Race: Zerg Zerg
  • League: Gold

Solipsis

  • Race: Terran Terran
  • League: Silver

VOD

Have the link to the VOD?

Description

Time

  • Played on: Dec. 4, 2015, 4:12 a.m.
  • Length: 11:35
Show
View Real Time Build Order
Export as new Build Order

Eternal Zerg - Winner!

Build Orders: Hatch First 

Get SALT Encoding   

  12  0:01  Drone  
  13  0:13  Overlord  
  13  0:17  Drone  
  14  0:31  Drone x2  
  16  0:37  Drone  
  17  0:55  Hatchery  
  16  0:58  Drone  
  16  1:00  Drone  
  18  1:07  Drone  
  19  1:19  Spawning Pool  
  18  1:39  Drone x3  
  21  1:50  Hatchery  
  20  1:57  Extractor  
  20  1:58  Drone  
  20  2:00  Extractor  
  19  2:02  Overlord  
  19  2:10  Queen  
  21  2:21  Queen  
  23  2:30  Drone  
  23  2:31  Drone x2  
  23  2:33  Drone  
  27  3:02  Queen  
  27  3:03  Zergling x12  
  35  3:25  Roach Warren  
  34  3:28  Metabolic Boost  
  34  3:33  Drone x4  
  34  3:34  Drone  
  39  3:41  Drone  
  40  3:43  Drone  
  40  3:45  Drone  
  42  3:58  Overlord  
  42  4:00  Lair  
  42  4:05  Overlord  
  42  4:10  Overlord  
  42  4:13  Extractor  
  42  4:14  Drone  
  42  4:17  Drone, Extractor  
  42  4:18  Drone  
  42  4:20  Drone  
  42  4:23  Drone  
  45  4:27  Drone x2  
  45  4:29  Drone  
  48  4:32  Drone  
  48  4:34  Drone  
  48  4:37  Drone  
  51  4:43  Drone x3  
  51  4:45  Drone  
  55  4:48  Drone  
  55  4:51  Drone  
  57  4:54  Overlord  
  57  5:19  Drone x2  
  59  5:28  Drone  
  59  5:29  Drone x7  
  59  5:30  Drone x6  
  59  5:31  Drone  
  74  5:37  Spire, Extractor  
  74  5:41  Extractor  
  71  5:43  Infestation Pit  
  70  5:51  Drone x2  
  70  5:53  Drone x2  
  70  5:56  Overlord x3  
  70  5:57  Overlord  
  74  6:00  Overseer  
  74  6:05  Glial Reconstitution  
  74  6:09  Burrow  
  74  6:12  Pneumatized Carapace  
  74  6:17  Drone x3  
  77  6:19  Drone  
  77  6:20  Overlord  
  77  6:21  Overlord x4  
  77  6:25  Pathogen Glands  
  76  6:51  Mutalisk  
  76  6:52  Mutalisk x6  
  76  6:53  Mutalisk x5  
  100  6:58  Mutalisk  
  99  7:21  Mutalisk x3  
  105  7:23  Overlord x6  
  105  7:42  Zerg Flyer Armor Level 1  
  105  7:45  Tunneling Claws  
  105  7:49  Hive  
  105  7:50  Overlord  
  105  7:51  Overlord x2  
  105  7:52  Overlord  
  105  7:53  Overseer  
  105  7:55  Mutalisk  
  107  8:13  Mutalisk x2  
  111  8:22  Hatchery  
  110  8:31  Hatchery  
  109  8:37  Evolution Chamber  
  109  8:38  Evolution Chamber x2  
  109  8:41  Hatchery, Hydralisk Den  
  105  8:42  Extractor  
  105  8:44  Nydus Network  
  98  9:52  Mutalisk x3  
  96  9:53  Mutalisk x6  
  114  10:10  Mutalisk x3  
  114  10:11  Mutalisk x4  
  128  10:20  Drone x3  
  128  10:21  Drone x5  
  134  10:22  Drone x3  
  134  10:23  Drone x3  
  134  10:24  Drone x4  
  121  11:11  Mutalisk x5  
  139  11:21  Extractor x2  
  137  11:33  Extractor  
Show
View Real Time Build Order
Export as new Build Order

Solipsis Terran 

Build Orders: MMM Bio 

Get SALT Encoding   

  12  0:01  SCV  
  13  0:13  SCV  
  14  0:21  Supply Depot  
  14  0:25  SCV  
  15  0:43  SCV  
  15  0:47  Barracks  
  16  0:53  Refinery  
  16  0:55  SCV  
  17  1:03  Supply Depot  
  17  1:10  SCV  
  18  1:22  SCV  
  19  1:32  Refinery  
  19  1:34  SCV  
  19  1:38  Bunker  
  20  1:51  Marine  
  20  1:53  SCV  
  22  2:08  Command Center  
  22  2:21  Marine  
  23  2:26  Orbital Command  
  23  2:42  Factory  
  23  2:53  Barracks Reactor  
  23  2:56  Supply Depot  
  23  2:58  SCV  
  24  3:10  SCV  
  25  3:21  Barracks  
  25  3:23  Orbital Command  
  25  3:24  SCV  
  26  3:31  Factory Reactor, Marine  
  27  3:35  Factory Tech Lab  
  27  3:36  SCV  
  28  3:41  Supply Depot  
  28  3:45  Marine  
  29  3:49  Marine  
  29  3:55  Starport  
  30  4:01  Siege Tank  
  33  4:05  SCV  
  34  4:11  SCV  
  34  4:16  Supply Depot  
  35  4:17  SCV  
  35  4:18  Marine x2  
  35  4:20  Barracks Tech Lab  
  38  4:35  SCV  
  39  4:43  Stimpack, Marauder  
  39  4:44  Medivac  
  43  4:46  Marine x2  
  45  4:54  SCV x2  
  45  4:59  Refinery  
  47  5:05  Marauder  
  47  5:06  SCV x2, Marine x2  
  53  5:13  Widow Mine  
  55  5:14  Medivac  
  55  5:18  SCV  
  58  5:40  Marauder  
  58  5:41  Marine x2  
  58  5:42  Siege Tank  
  65  5:51  Starport Reactor  
  65  5:58  Marine  
  65  5:59  Marine  
  65  6:02  Marauder  
  69  6:06  Barracks  
  69  6:07  Command Center, Barracks  
  69  6:08  Engineering Bay  
  69  6:09  Armory  
  69  6:10  Engineering Bay  
  69  6:12  Supply Depot  
  69  6:14  Supply Depot  
  69  6:33  Widow Mine, Marine  
  69  6:34  Marine x2  
  74  6:51  Marine x2  
  74  6:52  Marauder  
  78  7:01  Medivac x2  
  79  7:13  Marauder  
  79  7:15  Marine x2  
  83  7:16  Barracks Reactor  
  83  7:17  Barracks Tech Lab  
  83  7:20  Combat Shields  
  83  7:33  SCV x2, Marine  
  83  7:35  Marauder  
  88  7:45  Terran Infantry Weapons Level 1, SCV x2  
  88  7:46  Terran Infantry Armor Level 1  
  88  7:47  Supply Depot x2  
  90  7:56  Marauder  
  90  7:57  SCV x2  
  90  7:58  Widow Mine  
  96  8:08  Liberator  
  96  8:12  Marine  
  96  8:13  Marine  
  96  8:14  Orbital Command  
  96  8:17  SCV x2  
  96  8:18  Marauder  
  102  8:26  Marine, Widow Mine  
  102  8:27  Marine  
  106  8:29  SCV x2  
  106  8:30  Marine, Marauder  
  114  8:40  Supply Depot  
  112  9:01  Missile Turret  
  112  9:05  Missile Turret  
  66  9:50  Missile Turret  
  66  9:53  Marine  
  66  9:54  Marine x5  
  72  10:10  Missile Turret  
  72  10:11  Marine  
  73  10:25  Marauder, Marine x2  
  73  10:26  Marauder  
  73  10:27  Widow Mine  
  81  10:29  Medivac x2  
  81  10:31  Missile Turret  
  81  10:32  SCV x2  
  86  10:44  Missile Turret  
  86  10:47  Missile Turret  
  78  10:52  Marauder x2, Marine x4  
  78  10:55  Widow Mine  
  51  11:07  Missile Turret  
  51  11:09  Marine  
  51  11:10  Marine x3  
  53  11:14  Marauder x2  
  53  11:16  Missile Turret  
Tags
 
Add a new tag
Caveats
  • Supply blocks, unpowered buildings, or Contaminate may cause inaccurate times.
  • Supply counts are checked every 10 seconds.